 Dungeon Crawl Stone Soup version 0.29.1-12-g30fa7ad0bf (webtiles) character file.

Game seed: 8789679239220866035

100 retardedninja the Trooper (level 4, -3/41 HPs)
             Began as a Minotaur Fighter on Jan 12, 2023.
             Slain by Natasha (7 damage)
             ... on level 2 of the Dungeon.
             The game lasted 00:02:50 (2006 turns).

retardedninja the Trooper (Minotaur Fighter)        Turns: 2006, Time: 00:02:50

Health: -3/41      AC:  9    Str: 23    XL:     4   Next: 47%
Magic:  3/3        EV:  9    Int:  5    God:
Gold:   120        SH:  4    Dex:  9    Spells: 3/3 levels left

rFire   + . .      SeeInvis .   a - +0 war axe
rCold   + . .      Faith    .   c - +0 buckler
rNeg    . . .      Spirit   .   b - +0 scale mail
rPois   +          Reflect  .   (helmet restricted)
rElec   +          Harm     .   (no cloak)
rCorr   +          Rampage  .   (no gloves)
Will    .....                   (no boots)
Stlth   ..........              (no amulet)
HPRegen 0.13/turn               (no ring)
MPRegen 0.08/turn               (no ring)

@: mighty, resistant
A: horns 2, retaliatory headbutt, iridescent scales 1
a: no special abilities


You were on level 2 of the Dungeon.
You visited 1 branch of the dungeon, and saw 2 of its levels.

You collected 120 gold pieces.

Inventory:

Hand Weapons
 a - a +0 war axe (weapon)
Armour
 b - a +0 scale mail (worn)
 c - a +0 buckler (worn)
Jewellery
 i - a ring of poison resistance
Scrolls
 e - 5 scrolls of identify {unknown}
 f - a scroll of teleportation {unknown}
 g - a scroll of brand weapon {unknown}
 j - a scroll of vulnerability {unknown}


   Skills:
 + Level 4.5 Fighting
 + Level 3.5 Axes
 + Level 4.4 Armour
 + Level 4.4 Shields


You had 3 spell levels left.
You didn't know any spells.
Your spell library contained the following spells:

 Spells                   Type           Power      Damage    Failure   Level
 Scorch                   Fire           0%         2d5       95%         2
 Flame Wave               Conj/Fire      0%         2d4       100%        4
 Summon Cactus Giant      Summ           0%         N/A       100%        6


Dungeon Overview and Level Annotations

Branches:
Dungeon (2/15)

Altars:

Annotations:
D:2 Natasha


Innate Abilities, Weirdness & Mutations

You have a pair of horns on your head.
You reflexively headbutt those who attack you in melee.
You are partially covered in iridescent scales. (AC +2)


Message History

Natasha is heavily wounded.
You hit the white imp but do no damage.
Natasha stares at you and mumbles some strange words.
You resist with some effort. The white imp hits you. The white imp freezes you.
You hit Natasha but do no damage.
Natasha is heavily wounded.
You closely miss the white imp. Natasha claws you!
The white imp hits you but does no damage.
There are monsters nearby!
You are too injured to fight recklessly!
You are too injured to fight recklessly!
You hit Natasha but do no damage.
Natasha is heavily wounded.
You barely miss the white imp. Natasha barely misses you.
The white imp misses you. Natasha claws you but does no damage.
You barely miss Natasha. Your headbutt misses Natasha.
Natasha is heavily wounded.
You hit the white imp.
The crimson imp disappears in a puff of smoke!
The white imp gestures at you. The puff of frost hits you! Natasha misses you.
The white imp hits you. The white imp freezes you.
* * * LOW HITPOINT WARNING * * *
It was a potion of resistance.
You feel protected. Natasha claws you but does no damage.
The white imp hits you but does no damage.
You feel very mighty all of a sudden. Natasha claws you but does no damage.
The white imp gestures at you. The puff of frost hits you. You resist.
* * * LOW HITPOINT WARNING * * *
You closely miss Natasha.
Natasha is heavily wounded.
You hit the white imp. You block Natasha's attack.
You block the white imp's attack.
You hit Natasha. Your headbutt misses Natasha.
Natasha is severely wounded.
You closely miss the white imp. Natasha claws you!
You die...

#....... #.#
#..†.... #.#
#....... #.#
#....... #.#
######.. #.# ###
#5# # #h# #
#@################
#5#..........#....
#.#.########.#....
#.#.#..<..........
#.....#.####.#....
#.....#....#.#....
#.....#.#..#.#....
#.....###.##.#....
#.....+......#....


You could see an iron imp (summoned), Natasha and a white imp (summoned).

Vanquished Creatures
  Natasha (twice) (D:2)
  2 worms (D:2)
  A dart slug (D:2)
  An endoplasm (D:1)
  2 giant cockroaches (D:2)
  7 goblins
  10 hobgoblins
  3 jackals (D:1)
  3 kobolds
  A quokka (D:1)
  A ball python (D:2)
  2 bats
  2 frilled lizards
  3 rats
40 creatures vanquished.

Vanquished Creatures (others)
  A plant (D:1)
1 creature vanquished.

Grand Total: 41 creatures vanquished

Notes
Turn   | Place    | Note
-------+----------+-------------------------------------------
     0 | D:1      | retardedninja the Minotaur Fighter began the quest for the
                  | Orb.
     0 | D:1      | Reached XP level 1. HP: 19/19 MP: 0/0
   195 | D:1      | Found a faded altar of an unknown god.
   419 | D:1      | Reached XP level 2. HP: 23/27 MP: 1/1
  1132 | D:1      | Found the +11 plutonium sword {Contam Stlth-}
  1255 | D:1      | Reached XP level 3. HP: 32/33 MP: 2/2
  1302 | D:1      | Gained mutation: You are partially covered in iridescent
                  | scales. (AC +2) [mutagenic glow]
  1459 | D:2      | Noticed Natasha
  1466 | D:2      | Killed Natasha
  1582 | D:2      | Reached XP level 4. HP: 40/40 MP: 3/3
  1694 | D:2      | Noticed Natasha
  1701 | D:2      | Killed Natasha
  1990 | D:2      | Noticed Natasha
  2006 | D:2      | Slain by Natasha

Illustrated notes

Levels and vault maps discovered:
D:1:      minmay_arrival_checkered_box, layout_loops_corners,
          chequers_ecumenical_altar_lobes, minivault_5, dreamdust_wishing_well,
          amcnicky_mini_corridor_feature, serial_bayou_pond_c
D:2:      layout_basic, uniq_natasha

Skill      XL: |  1  2 |
---------------+-------+-----
Fighting       | 4 |  4.5
Armour         | 4 |  4.4
Shields        | 4 |  4.4
Axes           | 3 |  3.5

Action                   |  1- 3 |  4- 6 || total
-------------------------+-------+-------++-------
Melee: War axe           |    89 |    23 ||   112
       Headbutt          |     9 |     4 ||    13
  Use: Potion            |       |     2 ||     2
Armor: Scale mail        |    42 |    12 ||    54
Dodge: Dodged            |    40 |     7 ||    47
Block: Buckler           |    17 |     5 ||    22
